 Dungeon Crawl Stone Soup version 0.25.1-2-g60ff931df9 (webtiles) character file.

Game seed: 13092720912769512047

163 gbos the Chopper (level 5, 0/49 HPs)
             Began as a Naga Fighter on Nov 17, 2020.
             Slain by a worm (5 damage)
             ... on level 3 of the Dungeon.
             The game lasted 00:02:12 (3013 turns).

gbos the Chopper (Naga Fighter)                     Turns: 3013, Time: 00:02:13

Health: 0/49       AC:  6    Str: 19    XL:     5   Next: 44%
Magic:  5/5        EV:  3    Int:  8    God:
Gold:   55         SH:  8    Dex: 11    Spells: 4/4 levels left

rFire    . . .     SeeInvis +   Y - +0 war axe
rCold    . . .     Gourm    .   c - +0 kite shield
rNeg     . . .     Faith    +   r - +0 chain mail
rPois    +         Spirit   .   (no helmet)
rElec    .         Reflect  .   (no cloak)
rCorr    .         Harm     .   (no gloves)
MR       .....                  (no barding)
Stlth    ..........             h - amulet of faith
HPRegen  0.16/turn              (no ring)
MPRegen  0.09/turn              (no ring)

@: about to teleport, very slow
A: large, see invisible, deformed body, poison resistance, slowness 2, slow
metabolism 1, spit poison 1, AC +1
a: Spit Poison


You were on level 3 of the Dungeon.
You were not hungry.

You visited 1 branch of the dungeon, and saw 3 of its levels.

You collected 55 gold pieces.


Innate Abilities, Weirdness & Mutations

You cannot wear boots.
Your serpentine skin is tough. (AC +1)
You have supernaturally acute eyesight. (SInv)
Armour fits poorly on your strangely shaped body.
Your system is resistant to poisons. (rPois)
You cover ground very slowly.
You have a slow metabolism.
You can spit poison.


   Skills:
 - Level 3.0 Fighting
 + Level 5.5 Axes
 - Level 2.4 Armour
 - Level 2.4 Shields


You had 4 spell levels left.
You didn't know any spells.
Your spell library was empty.

Inventory:

Hand Weapons
 n - a +0 whip
 Y - a +0 war axe (weapon)
Armour
 c - a +0 kite shield (worn)
 r - a +0 chain mail (worn)
Jewellery
 h - an amulet of faith (around neck)
 m - an uncursed ring of wizardry {unknown}
Scrolls
 f - a scroll of remove curse {unknown}
 o - 3 scrolls of teleportation
Potions
 b - a potion of resistance
 d - a potion of might
 j - a potion of curing
 k - a potion of degeneration {unknown}
 t - a potion of mutation {unknown}
Comestibles
 a - 6 chunks of flesh
 e - 6 rations

Dungeon Overview and Level Annotations

Branches:
Dungeon (3/15)

Altars:
Fedhas
Hepliaklqana
Kikubaaqudgha
The Shining One


Message History

You hit the gnoll. The gnoll hits you with a +0 halberd.
You block the worm's attack.
You barely miss the gnoll.
The gnoll is moderately wounded.
You slash the worm! The gnoll hits you with a +0 halberd!
The worm barely misses you.
You barely miss the worm.
The worm is heavily wounded.
You hit the gnoll but do no damage. The gnoll hits you with a +0 halberd.
You block the worm's attack. The gnoll hits you with a +0 halberd.
Your shield and chain mail prevent you from hitting the worm.
The worm is moderately wounded.
You hit the gnoll. The gnoll hits you with a +0 halberd!
3013 ||| READING 4 scrolls of teleportation.
As you read the scroll of teleportation, it crumbles to dust.
You feel strangely unstable. The worm bites you.
You die...

######.#.%.....# #####
#.#######.# ...###.#
#)## ## #...##.# #..# ..
#...##.### ##.#
#.##...##.#PP #.#
###......##.#._ ####)###
......w....##.P #.).....
.......@...#..P##.###.##
......g..#.#P..#).# #..#
...............%.## ##.#
##...............# #.#
#.......##...#### ..
#.###...##...# #. #.
#...#P..## #. #
+.%.#P_.# #. #.. #### #


You could see a worm and a gnoll.

Vanquished Creatures
  6 gnolls
  3 adders
  2 oozes
  2 worms
  A dart slug (D:2)
  A leopard gecko (D:1)
  2 orcs (D:3)
  3 giant cockroaches
  9 goblins
  7 hobgoblins
  4 jackals
  A quokka (D:2)
  3 ball pythons (D:2)
  5 bats
  6 kobolds
  7 rats
62 creatures vanquished.

Notes
Turn   | Place    | Note
-------+----------+-------------------------------------------
     0 | D:1      | gbos the Naga Fighter began the quest for the Orb.
     0 | D:1      | Reached XP level 1. HP: 21/21 MP: 1/1
     0 | D:1      | 0 ||| counter = 182
    81 | D:1      | 81 ||| INVOKING Spit Poison.
    82 | D:1      | 82 ||| INVOKING Spit Poison.
    93 | D:1      | 93 ||| INVOKING Spit Poison.
    94 | D:1      | 94 ||| INVOKING Spit Poison.
    97 | D:1      | 97 ||| INVOKING Spit Poison.
   106 | D:1      | 106 ||| INVOKING Spit Poison.
   107 | D:1      | 107 ||| INVOKING Spit Poison.
   252 | D:1      | 252 ||| Stepping ~*~*~tactically~*~*~ (stealth).
   253 | D:1      | 253 ||| INVOKING Spit Poison.
   254 | D:1      | 254 ||| Stepping ~*~*~tactically~*~*~ (stealth).
   261 | D:1      | Reached XP level 2. HP: 28/28 MP: 2/2
   313 | D:1      | 313 ||| INVOKING Spit Poison.
   332 | D:1      | 332 ||| INVOKING Spit Poison.
   336 | D:1      | 336 ||| INVOKING Spit Poison.
   395 | D:1      | 395 ||| INVOKING Spit Poison.
   408 | D:1      | Reached skill level 3 in Axes
   609 | D:1      | 609 ||| INVOKING Spit Poison.
   614 | D:1      | 614 ||| INVOKING Spit Poison.
   644 | D:1      | 644 ||| INVOKING Spit Poison.
   646 | D:1      | 646 ||| INVOKING Spit Poison.
   684 | D:1      | 684 ||| INVOKING Spit Poison.
  1033 | D:1      | 1033 ||| DRINKING 2 metallic cyan potions.
  1131 | D:2      | Reached XP level 3. HP: 28/34 MP: 3/3
  1228 | D:2      | 1228 ||| INVOKING Spit Poison.
  1398 | D:2      | 1398 ||| Stepping ~*~*~tactically~*~*~ (hiding).
  1399 | D:2      | 1399 ||| Waiting for ranged monster.
  1400 | D:2      | 1400 ||| Waiting for ranged monster.
  1401 | D:2      | 1401 ||| Waiting for ranged monster.
  1402 | D:2      | 1402 ||| Waiting for ranged monster.
  1472 | D:2      | 1472 ||| INVOKING Spit Poison.
  1473 | D:2      | 1473 ||| Stepping ~*~*~tactically~*~*~ (stealth).
  1526 | D:2      | 1526 ||| Stepping ~*~*~tactically~*~*~ (stealth).
  1557 | D:2      | 1557 ||| Stepping ~*~*~tactically~*~*~ (stealth).
  1561 | D:2      | 1561 ||| INVOKING Spit Poison.
  1571 | D:2      | Reached skill level 4 in Axes
  1648 | D:2      | Found a hazy altar of Hepliaklqana.
  1662 | D:2      | 1662 ||| INVOKING Spit Poison.
  1663 | D:2      | 1663 ||| INVOKING Spit Poison.
  1670 | D:2      | 1670 ||| INVOKING Spit Poison.
  1674 | D:2      | 1674 ||| INVOKING Spit Poison.
  1680 | D:2      | Reached XP level 4. HP: 28/42 MP: 4/4
  1842 | D:2      | 1842 ||| INVOKING Spit Poison.
  1987 | D:2      | 1987 ||| INVOKING Spit Poison.
  1988 | D:2      | 1988 ||| Stepping ~*~*~tactically~*~*~ (stealth).
  1990 | D:2      | 1990 ||| INVOKING Spit Poison.
  2195 | D:2      | 2195 ||| DROPPING +0 club.
  2229 | D:2      | 2229 ||| Stepping ~*~*~tactically~*~*~ (hiding).
  2235 | D:2      | 2235 ||| Waiting for ranged monster.
  2236 | D:2      | 2236 ||| Waiting for ranged monster.
  2237 | D:2      | 2237 ||| Waiting for ranged monster.
  2238 | D:2      | 2238 ||| Waiting for ranged monster.
  2297 | D:2      | 2297 ||| INVOKING Spit Poison.
  2493 | D:2      | 2493 ||| EATING 4 rations.
  2526 | D:2      | 2526 ||| UPGRADING to chain mail.
  2536 | D:2      | 2536 ||| DROPPING +0 scale mail.
  2537 | D:2      | 2537 ||| READING 3 scrolls labeled TONUNA ZACHO.
  2538 | D:2      | 2538 ||| READING 2 scrolls labeled CISUXZ POSINEQ.
  2543 | D:2      | 2543 ||| READING scroll labeled JEEZUMEY ZAIMI.
  2544 | D:2      | 2544 ||| READING scroll labeled REOWKI UME.
  2545 | D:2      | 2545 ||| READING scroll labeled CIPPUATIGG.
  2546 | D:2      | 2546 ||| DRINKING 2 cyan potions.
  2547 | D:2      | 2547 ||| READING 2 scrolls of identify.
  2547 | D:2      | 2547 ||| IDENTIFYING lumpy ruby amulet
  2548 | D:2      | 2548 ||| UPGRADING to amulet of faith.
  2549 | D:2      | 2549 ||| READING scroll of identify.
  2549 | D:2      | 2549 ||| IDENTIFYING large fluorescent amulet
  2550 | D:2      | 2550 ||| DROPPING amulet of reflection.
  2551 | D:2      | 2551 ||| DROPPING potion of brilliance.
  2565 | D:3      | 2565 ||| INVOKING Spit Poison.
  2598 | D:3      | 2598 ||| INVOKING Spit Poison.
  2611 | D:3      | Found a glowing golden altar of the Shining One.
  2634 | D:3      | 2634 ||| INVOKING Spit Poison.
  2638 | D:3      | 2638 ||| INVOKING Spit Poison.
  2651 | D:3      | Reached skill level 5 in Axes
  2652 | D:3      | 2652 ||| INVOKING Spit Poison.
  2681 | D:3      | 2681 ||| Stepping ~*~*~tactically~*~*~ (stealth).
  2682 | D:3      | 2682 ||| Stepping ~*~*~tactically~*~*~ (stealth).
  2683 | D:3      | Reached XP level 5. HP: 49/49 MP: 5/5
  2701 | D:3      | 2701 ||| INVOKING Spit Poison.
  2709 | D:3      | 2709 ||| FLEEEEING.
  2710 | D:3      | 2710 ||| FLEEEEING.
  2711 | D:3      | 2711 ||| FLEEEEING.
  2712 | D:3      | 2712 ||| FLEEEEING.
  2713 | D:3      | 2713 ||| FLEEEEING.
  2718 | D:3      | 2718 ||| STILL FLEEEEING.
  2719 | D:3      | 2719 ||| STILL FLEEEEING.
  2720 | D:3      | 2720 ||| STILL FLEEEEING.
  2721 | D:3      | 2721 ||| STILL FLEEEEING.
  2722 | D:3      | 2722 ||| STILL FLEEEEING.
  2723 | D:3      | 2723 ||| STAIRDANCE
  2752 | D:2      | 2752 ||| DRINKING 2 metallic yellow potions.
  2753 | D:2      | 2753 ||| DRINKING 2 smoky pink potions.
  2791 | D:2      | 2791 ||| DROPPING potion of lignification.
  2828 | D:3      | 2828 ||| INVOKING Spit Poison.
  2829 | D:3      | 2829 ||| INVOKING Spit Poison.
  2830 | D:3      | 2830 ||| Stepping ~*~*~tactically~*~*~ (stealth).
  2835 | D:3      | Found an ancient bone altar of Kikubaaqudgha.
  2843 | D:3      | 2843 ||| INVOKING Spit Poison.
  2855 | D:3      | 2855 ||| Stepping ~*~*~tactically~*~*~ (stealth).
  2859 | D:3      | 2859 ||| Stepping ~*~*~tactically~*~*~ (hiding).
  2860 | D:3      | 2860 ||| Waiting for ranged monster.
  2861 | D:3      | 2861 ||| Waiting for ranged monster.
  2900 | D:3      | 2900 ||| Stepping ~*~*~tactically~*~*~ (stealth).
  2939 | D:3      | 2939 ||| Stepping ~*~*~tactically~*~*~ (stealth).
  2968 | D:3      | Found a blossoming altar of Fedhas.
  2986 | D:3      | 2986 ||| INVOKING Spit Poison.
  3012 | D:3      | HP: 5/49 [gnoll/+0 halberd (12)]
  3013 | D:3      | 3013 ||| READING 4 scrolls of teleportation.
  3013 | D:3      | Slain by a worm

Levels and vault maps discovered:
D:1:      dpeg_arrival_chambers_temple_mockup, layout_loops_corners
D:2:      layout_basic, old_standard_altar, kennysheep_cluttered_room
D:3:      layout_basic, tso_metal_star, grunt_temple_overflow_growth_and_decay

Skill      XL: |  1  2  3  4 |
---------------+-------------+-----
Axes           | 3 4 5 |  5.5
Fighting       | |  3.0
Armour         | |  2.4
Shields        | |  2.4

Action                   |  1- 3 |  4- 6 || total
-------------------------+-------+-------++-------
Melee: War axe           |    77 |    96 ||   173
 Abil: Spit Poison       |    19 |    12 ||    31
  Use: Potion            |     1 |     3 ||     4
       Scroll            |       |     8 ||     8
  Eat: Chunk             |     3 |     1 ||     4
       Ration            |       |     1 ||     1
Armor: Scale mail        |    29 |     6 ||    35
       Chain mail        |       |    42 ||    42
Dodge: Dodged            |    14 |    14 ||    28
Block: Kite shield       |    38 |    48 ||    86

Table legend:
 A = Non-vault XP
 B = Vault XP
 C = Vault XP percentage of total XP
 D = Non-vault monster count
 E = Vault monster count
 F = Vault count percentage of total count
                 A         B        C        D         E       F
            +---------+---------+-------+---------+---------+-------
      Total |     234 |       0 |   0.0 |      62 |       0 |   0.0
            +---------+---------+-------+---------+---------+-------
        D:1 |      28 |       0 |   0.0 |      16 |       0 |   0.0
        D:2 |     115 |       0 |   0.0 |      26 |       0 |   0.0
        D:3 |      91 |       0 |   0.0 |      20 |       0 |   0.0
            +---------+---------+-------+---------+---------+-------
